Dungeon Sprint DCSS version 0.16-a0-4004-g8d6611c (webtiles) character file.

19400000 PolkaDot the Formicid of Death (level 27, -137/246 (249) HPs) Began as a Formicid Necromancer on Feb 15, 2015. Was a High Priest of Makhleb. Annihilated by a fleshlord ... wielding a +9 great mace (277 damage) ... in the Dungeon (Sprint VIII: "Arena of Blood"). The game lasted 00:10:31 (194 turns). PolkaDot the Formicid of Death (FoNe) Turns: 194, Time: 00:10:31 HP: -137/246 (249)AC: 4 Str: 14 XL: 27 MP: 50/50 EV: 26 Int: 23 (27) God: Makhleb [*****.] Gold: 0 SH: 0 Dex: 11 Spells: 4 memorised, 68 levels left rFire . . . SeeInvis + f - +∞ Axe of Woe rCold . . . Clarity . a - +0 robe rNeg . . . SustAb . (no shield) rPois . Gourm . (helmet unavailable) rElec . Spirit . (no cloak) rCorr . Warding . (no gloves) rMut . Stasis + (no boots) MR ++... (no amulet) Stlth +++++++++. (no ring) (no ring) @: very resistant to hostile enchantments, incredibly stealthy A: permanent stasis, dig shafts and tunnels, four strong arms, antennae 3 a: Dig, Minor Destruction, Lesser Servant of Makhleb, Major Destruction, Greater Servant of Makhleb, Renounce Religion You were in the Dungeon. You worshipped Makhleb. Makhleb was extremely pleased with you. You were not hungry. You visited 1 branch

Inventory:

Hand weapons
 f - the +∞ Axe of Woe (weapon)
   (You found it in the Dungeon)
Armour
 a - a +0 robe (worn)
Jewellery
 h - an uncursed ring of protection from fire
 i - a +30 ring of slaying
Potions
 g - 2 potions of magic
Books
 b - a book of Necromancy

   Spells                             Type                      Level
   a - Pain                           Necromancy                   1
   b - Animate Skeleton               Necromancy                   1
   c - Vampiric Draining              Necromancy                   3
   d - Regeneration                   Charms/Necromancy            3
   e - Animate Dead                   Necromancy                   4
   f - Control Undead                 Necromancy                   4
Comestibles
 c - a bread ration
 d - 4 chunks of flesh


   Skills:
 O Level 27 Fighting
 O Level 27 Axes
 O Level 27 Throwing
 O Level 27 Armour
 O Level 27 Dodging
 O Level 27 Stealth
 O Level 27 Unarmed Combat
 O Level 27 Spellcasting
 + Level 20.3 Charms
 O Level 27 Necromancy
 O Level 27 Invocations


You had 68 spell levels left.
You knew the following spells:

 Your Spells              Type           Power        Failure   Level  Hunger
a - Animate Dead          Necr           N/A          0%          4    None
b - Pain                  Necr           ####         0%          1    None
c - Control Undead        Necr           ########..   0%          4    None
r - Regeneration          Chrm/Necr      #######...   0%          3    None


Dungeon Overview and Level Annotations

Branches:
Dungeon (1/1)

Altars:
Makhleb


Innate Abilities, Weirdness & Mutations

You are under a permanent stasis effect.
You can dig through walls and to a lower floor.
Your four strong arms can wield two-handed weapons with a shield.
You have a pair of large antennae on your head (SInv).


Message History

This raw flesh tastes terrible.
Your Executioner gestures.
Your Executioner seems to speed up.
The observer bites your Executioner.
You hear a shout! x2
Your Executioner hits the observer. x3
You hear a shout! x3
The observer bites your Executioner!
You hear a shout!
You continue eating.
Your Executioner hits the observer!!
Your Executioner hits the observer but does no damage.
Your Executioner hits the observer. Your Executioner hits the observer!
Your Executioner hits the observer. x2
You hear a shout! x4
Your blizzard demon waves its arms in wide circles.
The observer is struck by the twisting air!
The fleshlord hits you with a +9 great mace!!!!!
Ouch! That really hurt!
You die...

#.# #.# #.# ### #.#
####.## #.# ##.#.#.#
#.####.#.#.##
#..##.#####.#
#.2..## #.## #@22.#
##.# { ##p1#.# #.##
#{##1#.# ##.#
.......{.{# G# #.##
...SD....{. .# ##.#
..W........... #.##
...#..2...{{.G.##.##
... # ##.........
##.# ....... .
....L.... #.##


You could see an observer (invisible), a fleshlord, 2 friendly cacodemons, 2
friendly Executioners and a friendly blizzard demon.

Vanquished Creatures
  Harold (D)
  Sigmund (D)
  3 great orbs of eyes (D)
  6 greater mummies (D)
  5 hell beasts (D)
  3 hell knights (D)
  4 hill giants (D)
  2 hydras (D)
  A lich (D)
  25 ogres (D)
  57 orcs (D)
  17 vampire knights (D)
  4 wraiths (D)
  A reaper (D)
130 creatures vanquished.

Vanquished Creatures (others)
  A cacodemon (D)
1 creature vanquished.

Grand Total: 131 creatures vanquished

Notes
Turn   | Place    | Note
--------------------------------------------------------------
     0 | D        | PolkaDot, the Formicid Necromancer, began the quest for the Orb.
     0 | D        | Reached XP level 1. HP: 13/13 MP: 3/3
     3 | D        | Noticed a bag of meat
     3 | D        | Noticed a meat berserker
     3 | D        | Noticed a bag of meat
     4 | D        | Became a worshipper of Makhleb the Destroyer
     5 | D        | Noticed a bag of meat
     5 | D        | Noticed a bag of meat
     7 | D        | Killed a meat berserker
     7 | D        | Reached skill level 15 in Axes
     7 | D        | Reached skill level 21 in Necromancy
     7 | D        | Reached XP level 2. HP: 19/19 MP: 5/5
     7 | D        | Reached XP level 3. HP: 24/24 MP: 7/7
     7 | D        | Reached XP level 4. HP: 30/30 MP: 8/8
     7 | D        | Reached XP level 5. HP: 35/35 MP: 11/11
     7 | D        | Reached XP level 6. HP: 41/41 MP: 12/12
     7 | D        | Reached XP level 7. HP: 46/46 MP: 14/14
     7 | D        | Reached XP level 8. HP: 52/52 MP: 16/16
     7 | D        | Reached XP level 9. HP: 57/57 MP: 18/18
     7 | D        | Reached XP level 10. HP: 63/63 MP: 18/18
     7 | D        | Reached XP level 11. HP: 68/68 MP: 20/20
     7 | D        | Killed a bag of meat
     7 | D        | Acquired Makhleb's first power
     7 | D        | Reached skill level 24 in Necromancy
     7 | D        | Reached XP level 12. HP: 74/74 MP: 21/21
     7 | D        | Reached XP level 13. HP: 79/79 MP: 22/22
     8 | D        | Killed a bag of meat
     8 | D        | Reached skill level 25 in Necromancy
     9 | D        | Noticed a meat berserker
     9 | D        | Noticed a bag of meat
    10 | D        | Noticed a meat berserker
    10 | D        | Killed a bag of meat
    10 | D        | Acquired Makhleb's second power
    10 | D        | Reached skill level 27 in Necromancy
    10 | D        | Reached XP level 14. HP: 85/85 MP: 23/23
    11 | D        | Killed a bag of meat
    11 | D        | Reached XP level 15. HP: 90/90 MP: 24/24
    12 | D        | Noticed a bag of meat
    12 | D        | Noticed a meat berserker
    12 | D        | Noticed a bag of meat
    12 | D        | Noticed a bag of meat
    12 | D        | Killed a bag of meat
    12 | D        | Acquired Makhleb's third power
    13 | D        | Killed a meat berserker
    13 | D        | Reached skill level 5 in Fighting
    13 | D        | Reached skill level 10 in Spellcasting
    14 | D        | Noticed a bag of meat
    14 | D        | Noticed a bag of meat
    14 | D        | Noticed a bag of meat
    15 | D        | Killed a meat berserker
    15 | D        | Reached skill level 10 in Dodging
    15 | D        | Reached XP level 16. HP: 109/115 MP: 24/36
    15 | D        | Killed a bag of meat
    15 | D        | Acquired Makhleb's fourth power
    16 | D        | Noticed a bag of meat
    16 | D        | Noticed a bag of meat
    17 | D        | Noticed a meat berserker
    17 | D        | Noticed a bag of meat
    18 | D        | Noticed a bag of meat
    19 | D        | Killed a meat berserker
    19 | D        | Reached skill level 10 in Fighting
    19 | D        | Reached skill level 15 in Stealth
    19 | D        | Killed a meat berserker
    19 | D        | Acquired Makhleb's fifth power
    19 | D        | Reached skill level 15 in Spellcasting
    19 | D        | Reached XP level 17. HP: 127/131 MP: 25/39
    20 | D        | Noticed a meat berserker
    20 | D        | Noticed a meat berserker
    20 | D        | Noticed a bag of meat
    21 | D        | Noticed a bag of meat
    21 | D        | Noticed a large bag of meat
    21 | D        | Noticed a meat berserker
    21 | D        | Noticed a meat berserker
    22 | D        | Noticed a destroyer
    22 | D        | Noticed a destroyer
    22 | D        | Killed a bag of meat
    22 | D        | Reached skill level 27 in Axes
    22 | D        | Reached skill level 15 in Dodging
    22 | D        | Killed a bag of meat
    22 | D        | Killed a bag of meat
    22 | D        | Reached XP level 18. HP: 139/147 MP: 26/41
    23 | D        | Noticed a meat berserker
    23 | D        | Noticed a bag of meat
    23 | D        | Killed a meat berserker
    23 | D        | Reached skill level 15 in Fighting
    23 | D        | Killed a bag of meat
    24 | D        | Noticed a bag of meat
    24 | D        | Killed a meat berserker
    25 | D        | Noticed a meat berserker
    25 | D        | Noticed a large bag of meat
    25 | D        | Killed a meat berserker
    25 | D        | Reached XP level 19. HP: 162/165 MP: 26/43
    25 | D        | Killed a destroyer
    25 | D        | Killed a bag of meat
    25 | D        | Reached skill level 27 in Stealth
    26 | D        | Noticed a bag of meat
    26 | D        | Killed a bag of meat
    26 | D        | Killed a bag of meat
    26 | D        | Noticed a destroyer
    27 | D        | Noticed a bag of meat
    27 | D        | Noticed a meat berserker
    27 | D        | Noticed a bag of meat
    27 | D        | Killed a meat berserker
    27 | D        | Reached XP level 20. HP: 183/188 MP: 27/45
    28 | D        | Noticed a destroyer
    28 | D        | Noticed a bag of meat
    28 | D        | Noticed a bag of meat
    28 | D        | Noticed a destroyer
    28 | D        | Killed a destroyer
    28 | D        | Killed a bag of meat
    29 | D        | Noticed a bag of meat
    29 | D        | Killed a meat berserker
    29 | D        | Reached skill level 27 in Fighting
    29 | D        | Killed a bag of meat
    29 | D        | Killed a large bag of meat
    29 | D        | Reached skill level 27 in Dodging
    29 | D        | Reached skill level 27 in Spellcasting
    29 | D        | Reached XP level 21. HP: 204/204 MP: 27/47
    30 | D        | Noticed a bag of meat
    30 | D        | Noticed a destroyer
    30 | D        | Noticed a bag of meat
    30 | D        | Noticed a bag of meat
    30 | D        | Noticed a destroyer
    30 | D        | Killed a bag of meat
    30 | D        | Reached skill level 5 in Throwing
    30 | D        | Killed a bag of meat
    30 | D        | Reached skill level 10 in Armour
    31 | D        | Noticed a bag of meat
    31 | D        | Noticed a destroyer
    31 | D        | Noticed a bag of meat
    31 | D        | Noticed The Servant
    31 | D        | Killed a meat berserker
    31 | D        | Killed a destroyer
    32 | D        | Killed a bag of meat
    32 | D        | Reached skill level 15 in Armour
    32 | D        | Killed a bag of meat
    32 | D        | Reached skill level 15 in Unarmed Combat
    32 | D        | Reached XP level 22. HP: 212/212 MP: 28/48
    32 | D        | Killed a bag of meat
    33 | D        | Noticed a meat berserker
    33 | D        | Killed a large bag of meat
    33 | D        | Killed a meat berserker
    33 | D        | Reached skill level 15 in Throwing
    34 | D        | Noticed a meat berserker
    34 | D        | Noticed a large bag of meat
    35 | D        | Noticed a bag of meat
    35 | D        | Killed a bag of meat
    35 | D        | Killed a bag of meat
    35 | D        | Killed a large bag of meat
    35 | D        | Reached XP level 23. HP: 174/219 MP: 29/48
    36 | D        | Noticed a large bag of meat
    36 | D        | Killed a bag of meat
    37 | D        | Killed a destroyer
    37 | D        | Killed a bag of meat
    37 | D        | Killed a bag of meat
    38 | D        | Noticed a bag of meat
    38 | D        | Noticed a bag of meat
    38 | D        | Killed a meat berserker
    38 | D        | Killed a bag of meat
    38 | D        | Reached skill level 27 in Invocations
    38 | D        | Killed a destroyer
    38 | D        | Killed a bag of meat
    38 | D        | Reached skill level 27 in Armour
    38 | D        | Reached XP level 24. HP: 227/227 MP: 29/49
    38 | D        | Killed a bag of meat
    39 | D        | Killed a destroyer
    39 | D        | Reached skill level 27 in Unarmed Combat
    39 | D        | Killed a bag of meat
    40 | D        | Noticed a bag of meat
    40 | D        | Killed a destroyer
    40 | D        | Killed a meat berserker
    40 | D        | Reached skill level 27 in Throwing
    40 | D        | Killed a bag of meat
    41 | D        | Noticed a destroyer
    42 | D        | Noticed a destroyer
    42 | D        | Killed a bag of meat
    42 | D        | Reached XP level 25. HP: 154/234 MP: 30/49
    42 | D        | Killed a large bag of meat
    43 | D        | Killed a bag of meat
    44 | D        | Killed a bag of meat
    45 | D        | Noticed a destroyer
    45 | D        | Noticed a destroyer
    45 | D        | Killed a destroyer
    45 | D        | Killed a bag of meat
    45 | D        | Noticed a destroyer
    46 | D        | Noticed a bag of meat
    46 | D        | Noticed a destroyer
    47 | D        | Noticed a bag of meat
    47 | D        | Noticed a meat berserker
    48 | D        | Killed a destroyer
    49 | D        | Noticed a destroyer
    50 | D        | Killed The Servant
    50 | D        | Killed a destroyer
    50 | D        | Killed a destroyer
    50 | D        | Reached XP level 26. HP: 188/242 MP: 32/50
    50 | D        | Killed a destroyer
    51 | D        | Noticed a destroyer
    51 | D        | Killed a meat berserker
    52 | D        | Killed a destroyer
    52 | D        | Killed a destroyer
    53 | D        | Killed a bag of meat
    54 | D        | Killed a bag of meat
    55 | D        | Killed a destroyer
    56 | D        | Noticed an accursed
    56 | D        | Noticed an accursed
    56 | D        | Noticed a meat berserker
    57 | D        | Noticed an accursed
    57 | D        | Noticed a meat berserker
    58 | D        | Noticed an accursed
    58 | D        | Noticed an accursed
    59 | D        | Noticed a bag of meat
    60 | D        | Noticed a bag of meat
    60 | D        | Noticed a meat berserker
    60 | D        | Noticed a bag of meat
    60 | D        | Noticed a bag of meat
    60 | D        | Noticed a bag of meat
    61 | D        | Noticed an accursed
    61 | D        | Noticed a meat berserker
    61 | D        | Noticed a dread
    61 | D        | Killed a meat berserker
    61 | D        | Reached XP level 27. HP: 249/249 MP: 35/50
    62 | D        | Noticed a bag of meat
    63 | D        | Killed a meat berserker
    65 | D        | Killed a bag of meat
    65 | D        | Killed a destroyer
    66 | D        | Noticed a bag of meat
    66 | D        | Noticed a tyrant
    66 | D        | Noticed a bag of meat
    66 | D        | Noticed a meat beast
    67 | D        | Noticed a bag of meat
    67 | D        | Noticed a bag of meat
    67 | D        | Noticed a meat berserker
    67 | D        | Killed a meat berserker
    67 | D        | Killed a bag of meat
    68 | D        | Noticed a bag of meat
    68 | D        | Noticed a bag of meat
    68 | D        | Noticed a bag of meat
    68 | D        | Killed a meat beast
    68 | D        | Killed a meat berserker
    69 | D        | Noticed a bag of meat
    69 | D        | Noticed The Captor
    69 | D        | Killed a bag of meat
    69 | D        | Noticed a meat beast
    70 | D        | Noticed a bag of meat
    70 | D        | Noticed a meat berserker
    70 | D        | Noticed a bag of meat
    70 | D        | Noticed a bag of meat
    70 | D        | Killed a bag of meat
    71 | D        | Killed a bag of meat
    71 | D        | Killed a dread
    72 | D        | Noticed a bag of meat
    72 | D        | Noticed a bag of meat
    73 | D        | Noticed a meat berserker
    73 | D        | Noticed a destroyer
    73 | D        | Noticed a dread
    73 | D        | Killed a meat beast
    73 | D        | Killed a bag of meat
    73 | D        | Killed a meat berserker
    73 | D        | Killed an accursed
    74 | D        | Noticed a meat berserker
    74 | D        | Noticed a meat berserker
    74 | D        | Killed a bag of meat
    74 | D        | Killed a meat berserker
    74 | D        | Killed an accursed
    74 | D        | Killed a destroyer
    75 | D        | Killed a bag of meat
    75 | D        | Killed a meat berserker
    75 | D        | Killed an accursed
    76 | D        | Killed The Captor
    77 | D        | Killed a bag of meat
    77 | D        | Killed a bag of meat
    77 | D        | Killed a bag of meat
    77 | D        | Killed a tyrant
    78 | D        | Killed a bag of meat
    78 | D        | Killed a bag of meat
    78 | D        | Killed a meat berserker
    79 | D        | Killed an accursed
    79 | D        | Killed a bag of meat
    80 | D        | Noticed a meat beast
    80 | D        | Noticed a dread
    80 | D        | Killed a bag of meat
    80 | D        | Killed a bag of meat
    81 | D        | Killed a meat berserker
    81 | D        | Killed a bag of meat
    82 | D        | Killed a meat beast
    83 | D        | Killed a bag of meat
    84 | D        | Killed a bag of meat
    85 | D        | Noticed a bag of meat
    85 | D        | Killed an accursed
    85 | D        | Noticed a bag of meat
    86 | D        | Killed a dread
    89 | D        | Killed a dread
    92 | D        | Killed a bag of meat
    93 | D        | Noticed an observer
    94 | D        | Noticed an accursed
    94 | D        | Killed an observer
    95 | D        | Killed a bag of meat
    97 | D        | Noticed a meat beast
   104 | D        | Noticed a destroyer
   104 | D        | Noticed an accursed
   105 | D        | Noticed a meat berserker
   107 | D        | Noticed a meat beast
   111 | D        | Killed a meat berserker
   113 | D        | Killed a meat beast
   115 | D        | Killed an accursed
   149 | D        | Learned a level 4 spell: Control Undead
   154 | D        | Learned a level 4 spell: Animate Dead
   158 | D        | Learned a level 3 spell: Regeneration
   169 | D        | Noticed a tyrant
   169 | D        | Noticed a dread
   169 | D        | Noticed a fleshlord
   169 | D        | Noticed an observer
   169 | D        | Noticed a fleshlord
   169 | D        | Noticed an observer
   169 | D        | Noticed a fleshlord
   170 | D        | Noticed a meat beast
   170 | D        | Noticed a meat beast
   172 | D        | Noticed a scourge
   175 | D        | Killed a fleshlord
   176 | D        | Killed a meat beast
   176 | D        | Reached skill level 15 in Charms
   178 | D        | Killed an observer
   180 | D        | Killed a fleshlord
   181 | D        | Killed an observer
   183 | D        | Noticed a fleshlord
   186 | D        | Killed a fleshlord
   192 | D        | Killed a dread
   193 | D        | Noticed an observer
   194 | D        | Annihilated by a fleshlord

Action                   |  1- 3 |  4- 6 |  7- 9 | 10-12 | 13-15 | 16-18 | 19-21 | 22-24 | 25-27 || total
-------------------------+-------+-------+-------+-------+-------+-------+-------+-------+-------++-------
Melee: Executioner's axe |     1 |       |       |       |     6 |     5 |     7 |     8 |    49 ||    76
Invok: Greater Servant o |       |       |       |       |       |       |       |       |     6 ||     6
 Abil: Dig               |       |       |       |       |       |       |       |       |     3 ||     3
  Use: Potion            |       |       |       |       |       |       |       |       |     2 ||     2
 Stab: Distracted        |       |       |       |       |       |       |       |       |     1 ||     1
  Eat: Chunk             |       |       |       |       |       |       |       |       |     1 ||     1
